 Dungeon Crawl Stone Soup version 0.30-a0-613-gdd512c7efb (webtiles) character file.

Game seed: 12209655538761175288

133 bmack86 the Trooper (level 4, -5/41 HPs)
             Began as a Minotaur Fighter on Jan 8, 2023.
             Slain by a wyvern (7 damage)
             ... on level 4 of the Dungeon.
             The game lasted 00:08:19 (2577 turns).

bmack86 the Trooper (Minotaur Fighter)              Turns: 2577, Time: 00:08:20

Health: -5/41      AC:  9    Str: 22    XL:     4   Next: 93%
Magic:  3/3        EV:  6    Int: 11    God:
Gold:   156        SH:  8    Dex: 10    Spells: 3/3 levels left

rFire   . . .      SeeInvis .    a - +0 war axe
rCold   . . .      Faith    .    q - +0 kite shield
rNeg    . . .      Spirit   .    e - +0 chain mail
rPois   .          Reflect  .    (helmet restricted)
rElec   .          Harm     .    (no cloak)
rCorr   .          Rampage  .    (no gloves)
Will    .....                    (no boots) Stlth
                                 (no amulet)
HPRegen 0.26/turn                l - +6 ring of intelligence
MPRegen 0.08/turn                s - ring of flight

@: mighty, flying
A: horns 2, retaliatory headbutt
a: no special abilities


You were on level 4 of the Dungeon.
You visited 1 branch of the dungeon, and saw 4 of its levels.

You collected 156 gold pieces.

Inventory:

Hand Weapons
 a - a +0 war axe (weapon)
Missiles
 r - 8 poisoned darts (quivered)
Armour
 e - a +0 chain mail (worn)
 q - a +0 kite shield (worn)
Jewellery
 l - a +6 ring of intelligence (left hand)
 s - a ring of flight (right hand)
Scrolls
 c - a scroll of teleportation {unknown}
 h - a scroll of immolation
 j - 2 scrolls of amnesia
 m - 2 scrolls of poison
Potions
 b - a potion of mutation {unknown}
 d - a potion of might
 f - 3 potions of curing
 g - a potion of berserk rage {unknown}
 i - a potion of degeneration {unknown}
 n - 3 potions of flight


   Skills:
 * Level 4.8 Fighting
 * Level 4.1 Axes
 + Level 0.0 Throwing
 + Level 4.3 Armour
 + Level 4.3 Shields


You had 3 spell levels left.
You didn't know any spells.
Your spell library contained the following spells:

 Spells                   Type           Power      Damage    Failure   Level
 Ozocubu's Armour         Ice            0%         N/A       100%        3
 Summon Guardian Golem    Hex/Summ       0%         N/A       100%        3
 Metabolic Englaciation   Hex/Ice        0%         N/A       100%        5
 Simulacrum               Ice/Necr       0%         N/A       100%        6
 Orb of Destruction       Conj           0%         9d5       100%        7
 Spellforged Servitor     Conj/Summ      0%         N/A       100%        7


Dungeon Overview and Level Annotations

Branches:
Dungeon (4/15)
 Temple: D:4-7

Altars:
Gozag
Xom


Innate Abilities, Weirdness & Mutations

You have a pair of horns on your head.
You reflexively headbutt those who attack you in melee.


Message History

A giant cockroach comes into view.
You block the goblin's attack. The killer bee stings you.
The killer bee stings you. You block the goblin's attack.
You block the wyvern's attack. You block the killer bee's attack.
Sorry, you're not good enough to have a special ability.
You feel very mighty all of a sudden. The killer bee stings you.
The wyvern bites you. You block the goblin's attack.
You block the killer bee's attack.
You hit the goblin.
You kill the goblin!
You hit the wyvern. You barely miss the killer bee. The wyvern bites you!
The killer bee stings you.
* * * LOW HITPOINT WARNING * * *
The wyvern bites you but does no damage.
You block the killer bee's attack. The wyvern bites you.
* * * LOW HITPOINT WARNING * * *
The endoplasm freezes you.
You are frozen.
* * * LOW HITPOINT WARNING * * *
You block the killer bee's attack.
The killer bee attacks as you move away!
The killer bee stings you but does no damage.
The giant cockroach bites you but does no damage.
The wyvern bites you but does no damage.
The giant cockroach bites you.
* * * LOW HITPOINT WARNING * * *
The killer bee stings you but does no damage.
The endoplasm hits you but does no damage.
You closely miss the wyvern. You headbutt the wyvern!
The wyvern is heavily wounded.
You hit the giant cockroach. You slash the killer bee! You slash the endoplasm!
You kill the endoplasm!
The killer bee completely misses you. The wyvern closely misses you.
The killer bee stings you.
* * * LOW HITPOINT WARNING * * *
The giant cockroach barely misses you. You furiously retaliate!
You headbutt the giant cockroach.
You kill the giant cockroach!
The wyvern bites you!
You die...

..........##
.......##..#
........##.##
........##..#
........###.##
#### ........#
##.######...#
........#
#..##......#
........#
##.........##
........#
#..y@†.....#
......##
##.)l.......
..)..##
#......###.
....##
##....#...
##..## ..#
..#.# .#
.###[# . # #.


You could see a wyvern and a killer bee.

Vanquished Creatures
  A hound (D:4)
  An iguana (D:4)
  2 adders (D:3)
  A dart slug (D:2)
  9 endoplasms
  3 giant cockroaches
  6 goblins
  4 hobgoblins
  4 jackals (D:3)
  7 kobolds
  2 quokkas
  6 ball pythons
  3 bats
  4 frilled lizards
  6 rats
59 creatures vanquished.

Notes
Turn   | Place    | Note
-------+----------+-------------------------------------------
     0 | D:1      | bmack86 the Minotaur Fighter began the quest for the Orb.
     0 | D:1      | Reached XP level 1. HP: 19/19 MP: 0/0
   291 | D:1      | Reached XP level 2. HP: 27/27 MP: 1/1
   558 | D:2      | Found a faded altar of an unknown god.
   609 | D:2      | Found an opulent altar of Gozag.
   752 | D:2      | You fall into a shaft and drop 1 floor!
   813 | D:3      | Noticed a water moccasin
   816 | D:3      | Reached XP level 3. HP: 32/33 MP: 2/2
   819 | D:3      | Found a shimmering altar of Xom.
  1697 | D:3      | Reached XP level 4. HP: 41/41 MP: 3/3
  2308 | D:4      | Identified the +0 ring mail "Astraod" {Drain rN+ Stlth+}
  2570 | D:4      | Noticed a wyvern
  2577 | D:4      | HP: 2/41 [killer bee (5)]
  2577 | D:4      | Slain by a wyvern

Illustrated notes

Levels and vault maps discovered:
D:1:      grunt_arrival_crossed_arrows, layout_rooms, serial_curves,
          eino_curves_01, eino_curves_04, st_stairs_6, grunt_decor_fettered,
          minmay_tromino_i2
D:2:      layout_rooms, basic_altar, shapermc_ecumenical_altar_mp_highgroup,
          kennysheep_path_1, kennysheep_generic_room_7
D:3:      layout_basic, mainiacjoe_overflow_alcove_4, interstate_on_off,
          minmay_misc_feat_room
D:4:      layout_cave_pods, minmay_manual_mail

Skill      XL: |  1  2  3  4 |
---------------+-------------+-----
Fighting       | 4 |  4.8
Axes           | 3 4 |  4.1
Shields        | 4 |  4.3
Armour         | 4 |  4.3

Action                   |  1- 3 |  4- 6 || total
-------------------------+-------+-------++-------
Melee: War axe           |    74 |    23 ||    97
       Headbutt          |    10 |     3 ||    13
  Use: Scroll            |       |     9 ||     9
       Potion            |       |     1 ||     1
Armor: Scale mail        |    45 |    14 ||    59
       Chain mail        |       |     9 ||     9
Dodge: Dodged            |    47 |    18 ||    65
Block: Buckler           |    14 |       ||    14
       Kite shield       |     3 |    26 ||    29

Table legend: (Time is in decaauts)
 A = Elapsed time spent in this place.
 B = Non-inter-level travel time spent in this place.
 C = Inter-level travel time spent in this place.
 D = Time resting spent in this place.
 E = Time spent auto-exploring this place.
 F = Levels seen in this place.
 G = Mean time per level.
                   A        B        C        D        E       F      G
               +--------+--------+--------+--------+--------+-----+--------+
         Total |   2616 |   2565 |     51 |     34 |   1843 |   4 |  654.0 |
       Dungeon |   2616 |   2565 |     51 |     34 |   1843 |   4 |  654.0 |
               +--------+--------+--------+--------+--------+-----+--------+

Top non-repeatable levels by time:
     D:3: 998 daAuts
     D:2: 600 daAuts
     D:1: 565 daAuts
     D:4: 451 daAuts
